 Dungeon Crawl Stone Soup version 0.22-a0-571-g4a923d4 (webtiles) character file.

158 Hebeh the Shield-Bearer (level 5, -2/47 HPs)
             Began as a Minotaur Fighter on July 1, 2018.
             Succumbed to a gnoll's poison
             ... on level 3 of the Dungeon.
             The game lasted 00:04:21 (1776 turns).

Hebeh the Shield-Bearer (Minotaur Fighter)          Turns: 1776, Time: 00:04:22

Health: -2/47      AC:  8    Str: 22    XL:     5   Next: 16%
Magic:  4/4        EV:  7    Int:  5    God:
Gold:   227        SH:  9    Dex:  9    Spells: 4/4 levels left

rFire    . . .     SeeInvis .   a - +3 war axe
rCold    . . .     Gourm    .   c - +0 shield
rNeg     . . .     Faith    .   b - +0 scale mail
rPois    .         Spirit   .   (helmet restricted)
rElec    .         Reflect  .   s - +0 cloak
rCorr    .         Harm     .   (no gloves)
MR       .....                  (no boots)
Stlth    ..........             q - amulet of inaccuracy (curse)
HPRegen  0.15/turn              (no ring)
MPRegen  0.09/turn              (no ring)

@: lethally poisoned (-2 -> -35)
A: retaliatory headbutt, horns 2
a: no special abilities


You were on level 3 of the Dungeon.
You were not hungry.

You visited 1 branch of the dungeon, and saw 3 of its levels.

You collected 227 gold pieces.

Inventory:

Hand Weapons
 a - a +3 war axe (weapon)
Armour
 b - a +0 scale mail (worn)
 c - a +0 shield (worn)
 s - a +0 cloak (worn)
Jewellery
 q - a cursed amulet of inaccuracy (around neck)
Scrolls
 j - a scroll of enchant weapon
 l - a scroll of teleportation
 p - 2 scrolls of identify
Potions
 d - a potion of might
 e - 2 potions of degeneration {unknown}
 g - a potion of haste {unknown}
 h - a potion of lignification {unknown}
 i - a potion of heal wounds {unknown}
 k - a potion of invisibility {unknown}
 o - 3 potions of curing
Comestibles
 f - 5 rations
 n - 17 chunks of flesh


   Skills:
 + Level 4.5 Fighting
 * Level 4.5 Axes
 + Level 4.5 Armour
 + Level 4.5 Shields


You had 4 spell levels left.
You didn't know any spells.
Your spell library contained the following spells:

 Spells                   Type           Power        Failure   Level  Hunger
 Apportation              Tloc           #.....       99%         1    ##.....
 Summon Small Mammal      Summ           #...         99%         1    ##.....
 Animate Skeleton         Necr           N/A          99%         1    ##.....
 Confusing Touch          Hex            #.....       99%         1    ##.....


Dungeon Overview and Level Annotations

Branches:
Dungeon (3/15)

Altars:
Vehumet


Innate Abilities, Weirdness & Mutations

You reflexively headbutt those who attack you in melee.
You have a pair of horns on your head.


Message History

You see here a whip.
Your shield and scale mail prevent you from hitting the gnoll.
The gnoll is heavily wounded.
You closely miss the gnoll.
* * * LOW HITPOINT WARNING * * *
You feel very sick. The gnoll hits you but does no damage.
You are more poisoned.
You block the gnoll's attack. x2
You closely miss the gnoll.
The gnoll is heavily wounded.
You hit the gnoll.
* * * LOW HITPOINT WARNING * * *
You feel very sick.
The gnoll hits you but does no damage. x3
You are more poisoned.
You barely miss the gnoll.
The gnoll is heavily wounded.
You closely miss the gnoll.
You die...

########### #.....)...#
###### #.........#
#....# #.........#
#....###.........#
######................#
##......#####.####.#####
#.....)@# #.# #รท##
#......gg.# #.# #..###
#....$....# #.. #....##
#.........# ##. #.##...
#.........# ## #.####.
#.).......# #.####.
##......... .........
.........## #...####.
#..# ##


You could see 2 gnolls.

Vanquished Creatures
  Crazy Yiuf (D:2)
  4 adders
  2 gnolls (D:3)
  3 worms
  A dart slug (D:2)
  7 leopard geckos
  2 ball pythons
  10 bats
  A giant cockroach (D:1)
  7 hobgoblins
  3 jackals (D:1)
  A quokka (D:2)
  3 frilled lizards
  5 goblins
  3 kobolds (D:1)
  7 rats
60 creatures vanquished.

Notes
Turn   | Place    | Note
-------+----------+-------------------------------------------
     0 | D:1      | Hebeh the Minotaur Fighter began the quest for the Orb.
     0 | D:1      | Reached XP level 1. HP: 19/19 MP: 0/0
   115 | D:1      | Reached XP level 2. HP: 20/27 MP: 1/1
   637 | D:1      | Reached XP level 3. HP: 30/33 MP: 2/2
   982 | D:2      | Found a runed door.
  1030 | D:2      | Reached XP level 4. HP: 37/40 MP: 3/3
  1481 | D:2      | Noticed Crazy Yiuf
  1485 | D:2      | Killed Crazy Yiuf
  1621 | D:3      | Found a radiant altar of Vehumet.
  1745 | D:3      | Reached XP level 5. HP: 46/47 MP: 4/4
  1775 | D:3      | HP: 2/47 [poisoned by a gnoll]
  1776 | D:3      | Succumbed to a gnoll's poison

Vault maps used:
D:1:      minmay_arrival_stair_chambers
D:2:      uniq_crazy_yiuf_cottage
D:3:      nicolae_overflow_crystal_walls

Skill      XL: |  1  2  3  4 |
---------------+-------------+-----
Axes           | 3 4 |  4.5
Shields        | 4 |  4.5
Armour         | 4 |  4.5
Fighting       | 4 |  4.5

Action                   |  1- 3 |  4- 6 || total
-------------------------+-------+-------++-------
Melee: War axe           |    79 |    78 ||   157
       Headbutt          |     8 |    11 ||    19
  Use: Scroll            |       |     7 ||     7
  Eat: Chunk             |     1 |     2 ||     3
Armor: Scale mail        |    37 |    31 ||    68
Dodge: Dodged            |    33 |    31 ||    64
Block: Shield            |    45 |    54 ||    99

Table legend:
 A = Spawn XP
 B = Non-spawn XP
 C = Spawn XP percentage of total XP
 D = Spawn monster count
 E = Non-spawn monster count
 F = Spawn count percentage of total count
 G = Total turns spent on level
                    A         B        C        D         E        F      G
               +---------+---------+-------+---------+---------+-------+---------
         Total |       0 |     226 |   0.0 |       0 |      60 |   0.0 |  1776
               +---------+---------+-------+---------+---------+-------+---------
           D:1 |       0 |      44 |   0.0 |       0 |      25 |   0.0 |   773
           D:2 |       0 |     113 |   0.0 |       0 |      18 |   0.0 |   787
           D:3 |       0 |      69 |   0.0 |       0 |      17 |   0.0 |   216
               +---------+---------+-------+---------+---------+-------+---------
